 Dungeon Crawl Stone Soup version 0.29-a0-717-g6dac4ea423 (webtiles) character file.

Game seed: 7893966512961264730

498651 wingedge the Cryomancer (level 24, -9/193 HPs)
             Began as a Merfolk Ice Elementalist on June 26, 2022.
             Was the Champion of Vehumet.
             Mangled by an Orb Guardian (36 damage)
             ... on level 5 of the Realm of Zot.
             The game lasted 08:22:28 (67579 turns).

wingedge the Cryomancer (Merfolk Ice Elementalist) Turns: 67579, Time: 08:22:29

Health: -9/193     AC: 11    Str: 11    XL:     24   Next: 87%
Magic:  45/45      EV: 28    Int: 26    God:    Vehumet [******]
Gold:   2349       SH: 17    Dex: 20    Spells: 9/60 levels left

rFire   + . .      SeeInvis .   d - +7 hand crossbow of Dust {penet, rC+ rN+}
rCold   + . .      Faith    .   m - +3 buckler {rF+}
rNeg    + + +      Spirit   .   N - +0 robe "Jepriake" {rElec Dex+3}
rPois   .          Reflect  .   K - +2 hat
rElec   +          Harm     .   z - scarf {repulsion}
rCorr   .          Rampage  .   s - +2 pair of gloves {infuse}
Will    +....                   H - +1 pair of boots of Intuition {Str+2 Int+4}
Stlth   ++++++....              A - amulet of magic regeneration
HPRegen 0.42/turn               t - ring of the Octopus King {rN+ HP+2 AC+2 EV+2 SH+2}
MPRegen 0.69/turn               T - ring of positive energy

@: marked, studying 2 skills, repel missiles, unable to drink
A: (nimble swimmer 2), mertail, large bone plates 1, inability to drink while
threatened 1
}: 3/15 runes: barnacled, abyssal, gossamer
a: Renounce Religion


You were on level 5 of the Realm of Zot.
You worshipped Vehumet.
Vehumet was exalted by your worship.
You visited 9 branches of the dungeon, and saw 45 of its levels.
You visited the Abyss 1 time.
You also visited: Volcano.

You collected 4925 gold pieces.
You spent 2576 gold pieces at shops.

Inventory:

Hand Weapons
 a - a +5 rapier of electrocution
 c - a +2 scimitar of holy wrath
 d - the +7 hand crossbow of Dust (weapon) {penet, rC+ rN+}
   (You found it on level 4 of the Lair of Beasts)

   Any ammunition fired by it passes through the targets it hits, potentially
   hitting all targets in its path until it reaches maximum range.
   rC:        It protects you from cold.
   rN:        It protects you from negative energy.
 f - the +4 trident of the Unspeakable One {spect, rPois rC- rN+ Int+3}
   (You found it on level 2 of the Realm of Zot)

   When its wielder attacks, the weapon's spirit leaps out and strikes again.
   The spirit shares a part of any damage it takes with its wielder.
   Int:       It affects your intelligence (+3).
   rC:        It makes you vulnerable to cold.
   rPois:     It protects you from poison.
   rN:        It protects you from negative energy.
 n - a +9 falchion of venom
Armour
 j - a +2 pair of boots of flying
 l - a +0 buckler of positive energy
 m - a +3 buckler of fire resistance (worn)
 o - +5 acid dragon scales
 r - quicksilver dragon scales
 s - a +2 pair of gloves of infusion (worn)
 z - a scarf of repulsion (worn)
 H - the +1 pair of boots of Intuition (worn) {Str+2 Int+4}
   (You found it on level 12 of the Dungeon)

   Str:       It affects your strength (+2).
   Int:       It affects your intelligence (+4).
 K - a +2 hat (worn)
 N - the +0 robe "Jepriake" (worn) {rElec Dex+3}
   (You found it on level 2 of the Spider Nest)

   Dex:       It affects your dexterity (+3).
   rElec:     It insulates you from electricity.
 S - a +2 cloak of stealth
 Y - the +4 ring mail "Ivuest" {rN++ Regen+ MP+9 Str-4}
   (You found it on level 2 of the Vaults)

   Str:       It affects your strength (-4).
   rN:        It greatly protects you from negative energy.
   MP:        It affects your magic capacity (+9).
   Regen:     It increases your rate of health regeneration.
Magical Staves
 b - a staff of cold
Jewellery
 q - a ring of see invisible
 t - a ring of the Octopus King (left hand) {rN+ HP+2 AC+2 EV+2 SH+2}
   (You found it on level 2 of the Depths)

   [ring of positive energy]

   AC:        It affects your AC (+2).
   EV:        It affects your evasion (+2).
   rN:        It protects you from negative energy.
   HP:        It affects your health (+2).
   SH:        It affects your SH (+2).
 y - an amulet of the acrobat
 A - an amulet of magic regeneration (around neck)
 B - a ring of wizardry
 F - a +6 ring of dexterity
 I - a +6 ring of intelligence
 M - a ring of willpower
 P - a ring of protection from fire
 Q - a ring of resist corrosion
 T - a ring of positive energy (right hand)
 U - a ring of protection from cold
Scrolls
 h - 9 scrolls of fog
 k - 12 scrolls of teleportation
 u - 3 scrolls of magic mapping
 E - 4 scrolls of amnesia
 R - 11 scrolls of poison
 V - 2 scrolls of silence
Potions
 e - 5 potions of ambrosia
 g - 6 potions of mutation
 i - a potion of cancellation
 v - a potion of magic
 w - 4 potions of invisibility
 x - 6 potions of heal wounds
 C - 9 potions of brilliance
 J - 5 potions of resistance
 L - 11 potions of curing
 O - 2 potions of haste
 W - 3 potions of might
Miscellaneous
 p - a phial of floods
 D - a phantom mirror (inert)


   Skills:
 * Level 15.9 Fighting
 * Level 8.2(14.2) Short Blades
 - Level 18.2(18.8) Long Blades
 - Level 3.4 Polearms
 - Level 8.4 Ranged Weapons
 - Level 5.0 Armour
 + Level 18.7 Dodging
 + Level 15.0 Stealth
 + Level 13.6 Shields
 * Level 18.7 Spellcasting
 - Level 4.0 Conjurations
 - Level 3.0 Summonings
 - Level 6.0 Necromancy
 - Level 3.0 Translocations
 + Level 22.1 Ice Magic
 - Level 4.0 Earth Magic
 - Level 7.0 Evocations


You had 9 spell levels left.
You knew the following spells:

 Your Spells              Type           Power      Damage    Failure   Level
a - Ozocubu's Refrigerat  Ice            48%        4d14      1%          7
b - Ozocubu's Armour      Ice            96%        N/A       0%          3
c - Hailstorm             Conj/Ice       75%        3d15      1%          4
d - Frozen Ramparts       Ice            100%       1d12      0%          3
e - Polar Vortex          Ice            48%        N/A       7%          9
f - Stone Arrow           Conj/Erth      90%        3d12      1%          3
g - Ice Form              Ice/Tmut       69%        N/A       1%          4
h - Lee's Rapid Deconstr  Erth           22%        3d14*     3%          5
n - Call Canine Familiar  Summ           39%        N/A       1%          3
q - Apportation           Tloc           78%        N/A       1%          1
r - Freeze                Ice            100%       1d11      0%          1
t - Blink                 Tloc           78%        N/A       1%          2
u - Dispel Undead         Necr           53%        3d19      1%          4
z - Sublimation of Blood  Necr           53%        N/A       1%          2

Your spell library contained the following spells:

 Spells                   Type           Power      Damage    Failure   Level
 Foxfire                  Conj/Fire      100%       2x1d9     1%          1
 Magic Dart               Conj           100%       1d8       1%          1
 Necrotize                Necr           100%       1d9       1%          1
 Summon Small Mammal      Summ           100%       N/A       1%          1
 Poisonous Vapours        Pois/Air       48%        N/A       1%          2
 Searing Ray              Conj           90%        2d7       1%          2
 Static Discharge         Conj/Air       34%        N/A       1%          2
 Gell's Gravitas          Tloc           39%        N/A       1%          3
 Lesser Beckoning         Tloc           39%        N/A       1%          3
 Teleport Other           Tloc           39%        N/A       1%          3
 Animate Dead             Necr           53%        N/A       1%          4
 Iskenderun's Mystic Bla  Conj/Tloc      42%        2d10      1%          4
 Freezing Cloud           Conj/Ice/Air   31%        6-21      1%          5
 Simulacrum               Ice/Necr       39%        N/A       1%          6
 Fulminant Prism          Conj/Hex       17%        3d11      2%          4
 Sticky Flame             Conj/Fire      34%        2d5       2%          4
 Portal Projectile        Hex/Tloc       64%        N/A       3%          3
 Animate Armour           Summ/Erth      84%        N/A       4%          4
 Confusing Touch          Hex            24%        N/A       6%          3
 Anguish                  Hex/Necr       19%        N/A       6%          4
 Olgreb's Toxic Radiance  Pois           24%        N/A       6%          4
 Fireball                 Conj/Fire      17%        3d9       7%          5
 Irradiate                Conj/Tmut      17%        3d19      7%          5
 Corpse Rot               Necr/Pois/Air  34%        N/A       10%         4
 Leda's Liquefaction      Hex/Erth       17%        N/A       10%         4
 Petrify                  Tmut/Erth      34%        N/A       10%         4
 Yara's Violent Unravell  Hex/Tmut       12%        3d7       16%         5
 Manifold Assault         Tloc           39%        N/A       17%         5
 Starburst                Conj/Fire      17%        6d6       34%         6
 Blade Hands              Tmut           12%        N/A       52%         5
 Dispersal                Tloc           19%        N/A       67%         6
 Haunt                    Necr/Summ      23%        N/A       96%         7
 Lehudib's Crystal Spear  Conj/Erth      22%        10d6      99%         8
 Dragon Form              Tmut           12%        N/A       100%        7
 Enfeeble                 Hex            12%        N/A       100%        7
 Storm Form               Tmut/Air       12%        N/A       100%        7
 Borgnjor's Revivificati  Necr           26%        N/A       100%        8
 Disjunction              Tloc           19%        N/A       100%        8
 Ignition                 Fire           12%        3d6       100%        8
 Infestation              Necr           26%        N/A       100%        8
 Necromutation            Tmut/Necr      19%        N/A       100%        8
 Chain Lightning          Conj/Air       17%        3d22      100%        9
 Death's Door             Necr           26%        N/A       100%        9
 Fire Storm               Conj/Fire      17%        8d4       100%        9
 Shatter                  Erth           22%        3d20*     100%        9


Dungeon Overview and Level Annotations

Branches:
Dungeon (15/15)            Temple (1/1) D:6            Lair (6/6) D:10
 Shoals (4/4) Lair:2       Spider (4/4) Lair:3        Slime (0/5) Lair:6
    Orc (2/2) D:12            Elf (0/3) Orc:2        Vaults (4/5) D:14
  Crypt (0/3) Vaults:2     Depths (4/4) D:15            Zot (5/5) Depths:4
Volcano (visited)

Altars:
Ashenzari
Cheibriados
Dithmenos
Elyvilon
Fedhas
Gozag
Makhleb
Nemelex Xobeh
Okawaru
Qazlal
Ru
Sif Muna
Trog
Uskayaw
Vehumet
Wu Jian
Xom
Yredelemnul
The Shining One
Beogh
Jiyva
Lugonu

Shops:
D:4 !   D:6 [   D:11 !   Orc:2 *=[(   Vaults:1 [   Vaults:3 [   Vaults:4 [
Depths:2 *[=:   Depths:4 (

Portals:
Hell: Depths:1 Depths:2 Depths:3 Depths:4
Abyss: Lair:6 Depths:1 Depths:2 Depths:3 Depths:4
Pandemonium: Depths:2 Depths:4
Ziggurat: Depths:4


Innate Abilities, Weirdness & Mutations

((You are very nimble when in or above water. (Stealth+, EV+, Speed+++)))
Your lower body shifts to a powerful aquatic tail in water.
You are partially covered in large bone plates. (SH +4)
You occasionally lose the ability to drink potions when taking damage.


Message History

You hear a roar!
T - a ring of positive energy (right hand)
The black draconian breathes lightning at you.
The bolt of lightning misses you.
A purple draconian comes into view. It is wielding a +0 dire flail.
A white draconian comes into view. It is wielding a +0 scimitar.
The Orb Guardian hits you! The Orb Guardian hits you!!
The purple draconian breathes dispelling energy at you.
The bolt of dispelling energy misses you.
Casting: Polar Vortex (dangerous; 7% risk of failure)
Confirm with . or Enter, or press ? or * to list all spells.
Okay, then.
The curse toe gestures.
The white draconian fails to trigger a net trap.
Okay, then.
As you read the scroll of fog, it crumbles to dust.
The scroll dissolves into smoke.
The Orb Guardian misses you. You block the Orb Guardian's attack.
An Orb Guardian comes into view. x2
You block the deathcap's attack. The Orb Guardian hits you!!
The Orb Guardian hits you but does no damage.
The Orb Guardian fails to trigger a net trap.
The wandering mushroom completely misses you.
Aiming: Phantom Mirror
Press: ? - help, Dir - move target, f - Orb Guardian
Aim: an Orb Guardian (grey smoke)
You reflect the Orb Guardian with the mirror!
The mirror clouds!
Your Orb Guardian hits the Orb Guardian!!
The Orb Guardian misses you.
The curse toe calls on the powers of darkness!
The purple draconian convulses!
The white draconian convulses!
The Orb Guardian convulses! x2; The black draconian convulses!
Your Orb Guardian convulses!
The Orb Guardian convulses! x3; Your body is wracked with pain!
You feel threatened and lose the ability to drink potions!
The Orb Guardian hits you!!!
* * * LOW HITPOINT WARNING * * *
The Orb Guardian hits you!!!
You die...

#.............#
#$............#
#X.....○...X#
#.dd...z....#
##.^.........##
#....d........#
#.^...fX....^^#
.....§XXX§.....
#▓▓▓▓########@#######
#.<....# #ff#
###....# #§##
##.....### #.#
##......<.###.##
##.....#...##...#
##...^..#........#
#.......####.....#
.^.........#....##


You could see a black draconian (catching breath), a purple draconian (catching
breath), a white draconian, a curse toe, 5 Orb Guardians, a deathcap (summoned),
2 wandering mushrooms and a friendly Orb Guardian (summoned, drained).

Vanquished Creatures
  The ghost of Seshin the Minotaur Barricade, a legendary MiBe of Trog (Zot:4)
  A juggernaut (Depths:2)
  Frederick (Depths:3)
  Nikola (Depths:2)
  9 golden dragons
  A bone dragon (Depths:4)
  Jorgrun (D:12)
  A walking crystal tome (Depths:2)
  2 electric golems
  12 tentacled monstrosities
  2 liches
  Asterion (Depths:2)
  Mlioglotl (Shoals:1)
  4 quicksilver dragons
  2 krakens
  Frances (Spider:1)
  4 sphinxes
  3 death cobs
  4 draconian monks
  4 tentacled starspawn
  Agnes (D:15)
  Polyphemus (Shoals:4)
  12 shadow dragons
  4 tengu reavers
  A fenstrider witch (Shoals:3)
  5 storm dragons
  4 draconian knights
  7 fire giants
  16 vault wardens
  Aizul (Shoals:4)
  2 deep elf sorcerers (Vaults:4)
  4 emperor scorpions
  5 frost giants
  4 orc warlords
  9 ghost moths
  4 draconian scorchers
  4 draconian shifters
  Louise (D:15)
  3 draconian stormcallers
  A broodmother (shapeshifter) (Lair:6)
  28 very ugly things
  10 stone giants
  6 ironbound thunderhulks
  5 draconian annihilators
  9 starcursed masses
  4 war gargoyles
  17 ironbound preservers
  4 broodmothers
  8 green draconians
  A vampire knight (Depths:3)
  11 spark wasps
  4 entropy weavers
  An entropy weaver (shapeshifter) (Depths:2)
  Azrael (D:12)
  The ghost of Zaklogox the Warrior, a journeyman MiFi of Trog (D:12)
  7 black draconians
  5 red draconians
  14 white draconians
  15 dire elephants
  8 yellow draconians
  5 purple draconians
  Snorg (D:11)
  12 ettins
  2 merfolk javelineers (Shoals:4)
  12 yaktaur captains
  3 merfolk impalers
  Fannar (D:12)
  11 fire dragons
  The ghost of riojii the Unseen, a journeyman SpEn of Dithmenos (Lair:6)
  5 great orbs of eyes
  2 deep elf high priests (Vaults:4)
  2 rakshasas (Depths:2)
  9 boulder beetles
  The ghost of DocClef the Blocker, a journeyman GnFi of Okawaru (D:11)
  10 vault guards
  13 hydras
  14 centaur warriors
  3 peacekeepers
  Erolcha (D:9)
  An alligator snapping turtle (Shoals:4)
  9 ironbound frosthearts
  An ogre mage (D:14)
  A spriggan air mage (Depths:2)
  2 merfolk avatars
  A catoblepas (Shoals:4)
  8 ice dragons
  Erica (Orc:1)
  3 death knights
  A naga warrior (Abyss:3)
  5 merfolk aquamancers
  A death scarab (Spider:4)
  The ghost of Mistam the Thaumaturge, a journeyman TeCj of Ashenzari (Lair:2)
  4 two-headed ogres
  6 satyrs
  4 deep troll shamans
  6 orc high priests (Orc:2)
  11 death yaks
  2 vampire magi
  9 deep troll earth magi
  A thrashing horror (Abyss:2)
  3 tengu warriors
  12 large abominations
  Sonja (D:12)
  A deep elf knight (Vaults:4)
  11 spriggan berserkers
  2 wretched stars (Abyss:3)
  6 pharaoh ants
  2 fire crabs (Lair:4)
  18 sea snakes
  10 skeletal warriors
  A sun moth (Spider:4)
  2 iron trolls
  A flayed ghost (Depths:2)
  50 deep trolls
  A steelbarb worm (shapeshifter) (Depths:3)
  7 steelbarb worms
  4 necromancers
  2 phantasmal warriors (D:12)
  5 glowing orange brains
  22 ironbound convokers
  20 lindwurms
  7 orb spiders
  12 wizards
  3 oklob plants (Lair:4)
  8 harpies
  A deep elf zephyrmancer (Vaults:4)
  The ghost of zhov the Skirmisher, a novice FoFi (D:6)
  4 deep elf pyromancers
  32 ugly things
  11 orc knights
  13 fauns
  2 orc sorcerers (Orc:2)
  6 cyclopes
  26 wolf spiders
  19 manticores
  2 human skeletons (Vaults:4)
  5 salamanders
  Joseph (D:7)
  10 elephants
  19 moths of wrath
  3 worldbinders
  A centaur zombie (D:11)
  Maurice (D:9)
  A spectral centaur (D:11)
  An apocalypse crab (Abyss:2)
  A guardian serpent (Abyss:3)
  9 vault sentinels
  12 merfolk sirens
  4 cane toads
  4 black mambas
  A molten gargoyle (Lair:5)
  9 torpor snails
  5 water nymphs
  2 gargoyles
  An orange demon (Abyss:1)
  A yaktaur zombie (Vaults:4)
  5 unseen horrors
  3 rime drakes
  10 demonic crawlers
  2 efreet (Abyss:2)
  44 yaktaurs
  6 freezing wraiths
  8 komodo dragons
  2 ancient zymes
  A red devil (Lair:6)
  A tengu conjurer (Depths:2)
  8 trolls
  21 merfolk
  A wind drake (shapeshifter) (Depths:4)
  20 tarantellas
  6 polar bears
  8 meliai
  3 wind drakes
  A troll (shapeshifter) (D:13)
  5 hornets (Lair:6)
  Prince Ribbit (D:5)
  Grinder (D:3)
  20 slime creatures
  20 blink frogs
  A raiju (Lair:6)
  4 dream sheep
  7 snapping turtles
  21 culicivoras
  21 jumping spiders
  2 centaur simulacra (D:11)
  10 small abominations
  4 shadows
  An elf simulacrum (Vaults:4)
  15 spriggans (Lair:6)
  3 basilisks
  A yak (shapeshifter) (D:12)
  An ettin skeleton (Vaults:4)
  5 fire bats
  6 fire elementals
  3 wraiths
  54 yaks
  6 wyverns
  2 elf zombies (Vaults:4)
  21 water elementals
  A ynoxinul (Abyss:2)
  Grum (D:9)
  5 chaos spawn
  A neqoxec (Abyss:2)
  55 redbacks
  A steam dragon (D:7)
  12 vampire mosquitoes
  4 wargs
  2 nagas (Abyss:3)
  10 water moccasins
  4 acid dragons
  2 floating eyes
  Duvessa (D:6)
  A hell hound (D:12)
  24 orc warriors
  4 black bears (Lair:6)
  A human zombie (Vaults:4)
  4 boggarts (Lair:6)
  9 ogres
  16 centaurs
  A phantom (D:6)
  37 wolves
  A kobold brigand (D:9)
  8 bullfrogs
  2 gnoll sergeants
  4 scorpions
  A glowing shapeshifter simulacrum (Vaults:4)
  11 wights
  6 killer bees (D:5)
  7 howler monkeys
  7 electric eels
  2 hounds
  5 jellies
  8 orc priests
  4 gnoll shamans
  An iron imp (Abyss:2)
  Ijyb (D:3)
  5 iguanas
  14 orc wizards
  7 hell rats
  35 gnolls
  6 adders
  8 river rats (Lair:5)
  A shadow imp (D:7)
  2 white imps
  3 ufetubi
  2 worms (D:2)
  3 dart slugs
  85 orcs
  12 endoplasms
  2 giant cockroaches
  8 hobgoblins
  4 jackals (D:4)
  13 kobolds
  A quokka (D:2)
  8 ball pythons
  5 bats
  5 frilled lizards
  7 goblins
  12 rats
  A bush (Lair:4)
  A lurking horror (Abyss:2)
  5 starspawn tentacles
  3 tentacles
1816 creatures vanquished.

Vanquished Creatures (collateral kills)
  An orb of fire (Zot:2)
  A draconian monk (Zot:2)
  A ghost moth (Zot:2)
  A white draconian (Zot:2)
  A purple draconian (Zot:2)
  A crystal guardian (Vaults:3)
  A death drake (Abyss:3)
  A queen bee (Abyss:3)
  An ice beast (D:6)
  Dowan (D:6)
  A hound (D:6)
  A white imp (D:6)
12 creatures vanquished.

Vanquished Creatures (others)
  A tentacled monstrosity (Zot:2)
  A tengu reaver (Depths:2)
  A draconian monk (Zot:4)
  83 fungi
  503 plants
  5 starspawn tentacles
  9 tentacles
  6 toadstools (D:5)
609 creatures vanquished.

Grand Total: 2437 creatures vanquished

Notes
Turn   | Place    | Note
-------+----------+-------------------------------------------
     0 | D:1      | wingedge the Merfolk Ice Elementalist began the quest for
                  | the Orb.
     0 | D:1      | Reached XP level 1. HP: 13/13 MP: 3/3
   303 | D:1      | Reached XP level 2. HP: 19/19 MP: 5/5
   965 | D:2      | Reached XP level 3. HP: 21/24 MP: 3/6
  1053 | D:2      | Learned a level 3 spell: Ozocubu's Armour
  1189 | D:2      | Reached skill level 5 in Ice Magic
  1193 | D:2      | Learned a level 3 spell: Frozen Ramparts
  1591 | D:2      | Reached XP level 4. HP: 30/30 MP: 4/8
  1681 | D:2      | Found a faded altar of an unknown god.
  1896 | D:3      | Noticed Grinder
  1920 | D:3      | Killed Grinder
  1921 | D:3      | Reached skill level 1 in Fighting
  1921 | D:3      | Reached skill level 1 in Conjurations
  1921 | D:3      | Reached XP level 5. HP: 22/37 MP: 4/10
  1921 | D:3      | Reached XP level 6. HP: 25/43 MP: 4/11
  2269 | D:3      | Noticed Ijyb
  2295 | D:3      | Killed Ijyb
  2645 | D:3      | Found a shadowy altar of Dithmenos.
  2694 | D:4      | Reached skill level 6 in Ice Magic
  2700 | D:4      | Reached skill level 1 in Long Blades
  3117 | D:4      | Reached skill level 1 in Short Blades
  3237 | D:4      | Reached XP level 7. HP: 45/50 MP: 6/13
  3358 | D:4      | Found Hupim's Distillery.
  3363 | D:4      | Bought a potion of heal wounds for 55 gold pieces
  3363 | D:4      | Bought a potion of magic for 88 gold pieces
  3363 | D:4      | Bought a potion of curing for 33 gold pieces
  4002 | D:5      | Entered Level 5 of the Dungeon
  4051 | D:5      | Reached skill level 1 in Earth Magic
  4434 | D:5      | Reached XP level 8. HP: 53/57 MP: 1/14
  4787 | D:5      | Reached skill level 1 in Polearms
  4835 | D:5      | Learned a level 3 spell: Stone Arrow
  4840 | D:5      | Learned a level 4 spell: Hailstorm
  4904 | D:5      | Noticed Prince Ribbit
  4912 | D:5      | Killed Prince Ribbit
  4913 | D:5      | Reached skill level 5 in Dodging
  4913 | D:5      | Reached skill level 7 in Ice Magic
  4918 | D:5      | Reached skill level 5 in Spellcasting
  5001 | D:5      | Found a broken altar of Ashenzari.
  5146 | D:5      | Found a radiant altar of Vehumet.
  5153 | D:5      | Found a glowing golden altar of the Shining One.
  5408 | D:5      | Found a stormy altar of Qazlal.
  5831 | D:5      | Noticed a slime creature
  5846 | D:5      | Killed a slime creature
  5847 | D:5      | Reached XP level 9. HP: 41/64 MP: 7/17
  6041 | D:6      | Found a staircase to the Ecumenical Temple.
  6044 | D:6      | Noticed Duvessa
  6044 | D:6      | Noticed Dowan
  6051 | D:6      | Killed Duvessa
  6066 | D:6      | Killed Dowan
  6224 | Temple   | Entered the Ecumenical Temple
  6231 | Temple   | Became a worshipper of Vehumet
  6427 | D:6      | Found Tysixiuge's Antique Armour Emporium.
  6716 | D:6      | Found a runed translucent door.
  6717 | D:6      | Noticed zhov's ghost (novice FoFi)
  6746 | D:6      | Killed zhov's ghost
  6747 | D:6      | Reached skill level 1 in Summonings
  6747 | D:6      | Reached skill level 8 in Ice Magic
  6935 | D:6      | Learned a level 1 spell: Summon Small Mammal
  6937 | D:6      | Learned a level 1 spell: Apportation
  7582 | D:7      | Reached skill level 1 in Armour
  7778 | D:7      | Reached * piety under Vehumet
  7778 | D:7      | Offered knowledge of Sandblast by Vehumet.
  7779 | D:7      | Reached XP level 10. HP: 73/73 MP: 6/19
  7959 | D:7      | Learned a level 3 spell: Call Canine Familiar
  8588 | D:7      | Noticed Joseph
  8598 | D:7      | Killed Joseph
  9708 | D:8      | Reached skill level 1 in Shields
  9708 | D:8      | Reached skill level 1 in Translocations
  9779 | D:8      | Offered knowledge of Magic Dart by Vehumet.
  9788 | D:8      | Reached ** piety under Vehumet
 10150 | D:9      | Noticed Maurice
 10162 | D:9      | Killed Maurice
 10163 | D:9      | Reached skill level 5 in Fighting
 10168 | D:9      | Reached skill level 9 in Ice Magic
 10464 | D:6      | Bought a pair of glowing gloves for 202 gold pieces
 10605 | D:9      | Noticed Grum
 10613 | D:9      | Killed Grum
 10620 | D:9      | Reached skill level 5 in Long Blades
 10727 | D:9      | Noticed Erolcha
 10746 | D:9      | Killed Erolcha
 10747 | D:9      | Reached XP level 11. HP: 46/80 MP: 21/21
 11274 | D:9      | Noticed a two-headed ogre
 11281 | D:9      | Killed a two-headed ogre
 11759 | D:10     | Entered Level 10 of the Dungeon
 12122 | D:10     | Reached skill level 10 in Ice Magic
 12291 | D:10     | Offered knowledge of Mephitic Cloud by Vehumet.
 12423 | D:10     | Found an iron altar of Okawaru.
 12863 | D:10     | Found a staircase to the Lair.
 13119 | Lair:1   | Entered Level 1 of the Lair of Beasts
 13328 | Lair:1   | Noticed a seven-headed hydra
 13337 | Lair:1   | Killed a seven-headed hydra
 14539 | D:6      | Bought a transparent ring mail for 243 gold pieces
 14539 | D:6      | Identified the +3 ring mail of Dice, Bag, and Bottle
                  | {Slay+6} (You bought it in a shop on level 6 of the
                  | Dungeon)
 14786 | Lair:2   | Noticed a five-headed hydra
 14790 | Lair:2   | Found a transporter.
 14790 | Lair:2   | Noticed Mistam's ghost (journeyman TeCj)
 14790 | Lair:2   | Noticed a five-headed hydra
 14810 | Lair:2   | Reached XP level 12. HP: 77/89 MP: 19/24
 14834 | Lair:2   | Found a transporter.
 14872 | Lair:2   | Reached *** piety under Vehumet
 14877 | Lair:2   | Reached skill level 11 in Ice Magic
 14886 | Lair:2   | Learned a level 7 spell: Ozocubu's Refrigeration
 15131 | Lair:2   | Found a staircase to the Shoals.
 15144 | Lair:2   | Learned a level 2 spell: Blink
 15170 | Lair:2   | Offered knowledge of Sticky Flame by Vehumet.
 15987 | Lair:2   | Reached **** piety under Vehumet
 16410 | Lair:2   | Gained mutation: You have a pair of small horns on your
                  | head. [potion of mutation]
 16410 | Lair:2   | Gained mutation: Armour fits poorly on your strangely
                  | shaped body. [potion of mutation]
 16410 | Lair:2   | Gained mutation: You occasionally lose the ability to read
                  | scrolls when taking damage. [potion of mutation]
 16411 | Lair:2   | Lost mutation: Armour fits poorly on your strangely shaped
                  | body. [potion of mutation]
 16411 | Lair:2   | Lost mutation: You have a pair of small horns on your head.
                  | [potion of mutation]
 16411 | Lair:2   | Lost mutation: You occasionally lose the ability to read
                  | scrolls when taking damage. [potion of mutation]
 16411 | Lair:2   | Gained mutation: You occasionally lose the ability to drink
                  | potions when taking damage. [potion of mutation]
 16411 | Lair:2   | Gained mutation: You are partially covered in large bone
                  | plates. (SH +4) [potion of mutation]
 16419 | Lair:2   | Killed Mistam's ghost
 16423 | Lair:2   | Killed a five-headed hydra
 16425 | Lair:2   | Killed a five-headed hydra
 16610 | Lair:3   | Offered knowledge of Iskenderun's Battlesphere by Vehumet.
 16687 | Lair:3   | Found a dark tunnel.
 16693 | Volcano  | Entered a volcano
 16862 | Volcano  | Noticed a two-headed ogre
 16866 | Volcano  | Killed a two-headed ogre
 16867 | Volcano  | Reached skill level 10 in Long Blades
 16867 | Volcano  | Reached skill level 12 in Ice Magic
 16867 | Volcano  | Reached XP level 13. HP: 98/98 MP: 12/26
 17564 | Lair:3   | Reached skill level 10 in Spellcasting
 17625 | Lair:3   | Found a hole to the Spider Nest.
 17817 | Lair:3   | Reached skill level 10 in Dodging
 18370 | Lair:4   | Identified the +7 hand crossbow of Dust {penet, rC+ rN+}
 18540 | Lair:4   | Found a transporter.
 19262 | Lair:4   | Found a transporter.
 19761 | Lair:5   | Reached skill level 5 in Shields
 19762 | Lair:5   | Reached skill level 5 in Stealth
 20106 | Lair:5   | Reached skill level 13 in Ice Magic
 20343 | Lair:5   | Reached ***** piety under Vehumet
 20348 | Lair:5   | Offered knowledge of Iron Shot by Vehumet.
 21069 | Lair:6   | Entered Level 6 of the Lair of Beasts
 21151 | Lair:6   | Reached XP level 14. HP: 106/106 MP: 13/28
 22279 | Lair:6   | Found a one-way gate to the infinite horrors of the Abyss.
 22279 | Lair:6   | Noticed riojii's ghost (journeyman SpEn)
 22305 | Lair:6   | Noticed a tentacled starspawn
 22498 | Lair:6   | Found a staircase to the Slime Pits.
 22501 | Lair:6   | Offered knowledge of Fulminant Prism by Vehumet.
 22522 | Lair:6   | Found a transporter.
 22522 | Lair:6   | Found a viscous altar of Jiyva.
 22524 | Lair:6   | Found a transporter.
 22843 | Lair:6   | Reached skill level 14 in Ice Magic
 23088 | Lair:6   | Noticed a broodmother
 23091 | Lair:6   | Killed a tentacled starspawn
 23099 | Lair:6   | Killed a broodmother
 23129 | Lair:6   | Killed riojii's ghost
 23130 | Lair:6   | Reached XP level 15. HP: 108/115 MP: 25/30
 23433 | D:11     | Noticed Snorg
 23438 | D:11     | Killed Snorg
 23514 | D:11     | Found Yxzahett's Distillery.
 23594 | D:11     | Got the Papyrus of Confrontation
 23761 | D:11     | Found a runed translucent gate.
 23761 | D:11     | Found a runed translucent gate.
 23761 | D:11     | Found a runed translucent gate.
 23766 | D:11     | Noticed DocClef's ghost (journeyman GnFi)
 23795 | D:11     | Killed DocClef's ghost
 24030 | D:12     | Noticed Jorgrun
 24038 | D:12     | Killed Jorgrun
 24057 | D:12     | Noticed Fannar
 24070 | D:12     | Killed Fannar
 24187 | D:12     | Reached skill level 10 in Fighting
 24562 | D:12     | Identified the +1 pair of boots of Intuition {Str+2 Int+4}
 24635 | D:12     | You fall into a shaft and drop 1 floor!
 24771 | D:12     | Noticed Sonja
 24773 | D:12     | Killed Sonja
 24791 | D:12     | Offered knowledge of Fireball by Vehumet.
 24817 | D:12     | Found a staircase to the Orcish Mines.
 24906 | D:12     | Noticed Azrael
 24911 | D:12     | Killed Azrael
 25092 | D:12     | Found a runed translucent gate.
 25092 | D:12     | Found a runed translucent gate.
 25092 | D:12     | Found a runed translucent gate.
 25093 | D:12     | Noticed Zaklogox's ghost (journeyman MiFi)
 25246 | D:12     | Killed Zaklogox's ghost
 25607 | Orc:1    | Entered Level 1 of the Orcish Mines
 25607 | Orc:1    | Noticed Erica
 25617 | Orc:1    | Reached ****** piety under Vehumet
 25619 | Orc:1    | Killed Erica
 25779 | Orc:2    | Entered Level 2 of the Orcish Mines
 25905 | Orc:2    | Found Hiustuh's Jewellery Boutique.
 25915 | Orc:2    | Reached skill level 15 in Ice Magic
 25990 | Orc:2    | Noticed an orc warlord
 25996 | Orc:2    | Killed an orc warlord
 26078 | Orc:2    | Found Qyaceoczo's General Store.
 26117 | Orc:2    | Bought a scroll of enchant armour for 127 gold pieces
 26117 | Orc:2    | Bought a potion of brilliance for 68 gold pieces
 26224 | Orc:2    | Offered knowledge of Orb of Destruction by Vehumet.
 26405 | Orc:2    | Found Sigud's Antique Armour Shoppe.
 26411 | Orc:2    | Reached XP level 16. HP: 123/123 MP: 11/32
 26546 | Orc:2    | Bought a spiked scale mail for 342 gold pieces
 26546 | Orc:2    | Identified the +0 scale mail of Distant Worlds {rC+ MP+9
                  | Dex+3} (You bought it in a shop on level 2 of the Orcish
                  | Mines)
 26643 | Orc:2    | Found Iwatsoas's Antique Weapon Boutique.
 26651 | Orc:2    | Found a staircase to the Elven Halls.
 27424 | Shoals:1 | Entered Level 1 of the Shoals
 27685 | Shoals:1 | Noticed a kraken
 27704 | Shoals:1 | Killed a kraken
 27855 | Shoals:1 | Noticed Mlioglotl
 27871 | Shoals:1 | Noticed a tentacled starspawn
 27877 | Shoals:1 | Killed Mlioglotl
 29592 | Shoals:2 | Offered knowledge of Yara's Violent Unravelling by Vehumet.
 30111 | Shoals:3 | Noticed a kraken
 30144 | Shoals:3 | Killed a kraken
 30295 | Shoals:3 | Reached skill level 16 in Ice Magic
 30492 | Shoals:3 | Noticed a fenstrider witch
 30503 | Shoals:3 | Killed a fenstrider witch
 31038 | Shoals:4 | Entered Level 4 of the Shoals
 31039 | Shoals:4 | Noticed Aizul
 31055 | Shoals:4 | Killed Aizul
 31186 | Shoals:4 | Reached XP level 17. HP: 97/131 MP: 19/34
 31206 | Shoals:4 | Noticed Polyphemus
 31276 | Shoals:4 | Reached skill level 15 in Long Blades
 31646 | Shoals:4 | Offered knowledge of Conjure Ball Lightning by Vehumet.
 31729 | Shoals:4 | Reached skill level 1 in Evocations
 31902 | Shoals:4 | Identified the +8 war axe "Herhiha" {holy, Str+2}
 32351 | Shoals:4 | Killed Polyphemus
 32611 | Shoals:4 | Got a barnacled rune of Zot
 33979 | D:14     | Found a gate to the Vaults.
 35153 | D:15     | Entered Level 15 of the Dungeon
 35185 | D:15     | Found a radiant altar of Vehumet.
 35353 | D:15     | Reached skill level 17 in Ice Magic
 35398 | D:15     | Reached XP level 18. HP: 140/140 MP: 16/36
 35510 | D:15     | Noticed Agnes
 35515 | D:15     | Killed Agnes
 35648 | D:15     | Noticed Louise
 35654 | D:15     | Killed Louise
 35864 | D:15     | Found a staircase to the Depths.
 36478 | Orc:2    | Bought a ring of flight for 262 gold pieces
 36701 | Spider:1 | Entered Level 1 of the Spider Nest
 36971 | Spider:1 | Offered knowledge of Maxwell's Capacitive Coupling by
                  | Vehumet.
 37228 | Spider:1 | Reached skill level 10 in Stealth
 37302 | Spider:1 | Noticed Frances
 37320 | Spider:1 | Killed Frances
 37622 | Spider:2 | Identified the +0 robe "Jepriake" {rElec Dex+3}
 37975 | Spider:2 | Identified the +1 ring mail "Lazid" {Harm rN+ rCorr}
 38689 | Spider:2 | You fall into a shaft and drop 1 floor!
 38735 | Spider:3 | Offered knowledge of Shatter by Vehumet.
 38735 | Spider:3 | Offered knowledge of Chain Lightning by Vehumet.
 38735 | Spider:3 | Offered knowledge of Polar Vortex by Vehumet.
 38746 | Spider:3 | Learned a level 9 spell: Polar Vortex
 39716 | Spider:3 | Reached skill level 5 in Armour
 40286 | Spider:4 | Entered Level 4 of the Spider Nest
 40406 | Spider:4 | Reached skill level 10 in Shields
 40797 | Spider:4 | Reached XP level 19. HP: 147/147 MP: 32/37
 41154 | Spider:4 | Reached skill level 15 in Dodging
 41192 | Spider:4 | Reached skill level 5 in Evocations
 41198 | Spider:4 | Reached skill level 15 in Spellcasting
 41252 | Spider:4 | Reached skill level 18 in Ice Magic
 41676 | Spider:4 | Got a gossamer rune of Zot
 42191 | Vaults:1 | Entered Level 1 of the Vaults
 44287 | Vaults:1 | Found Raixkatz's Antique Armour Shoppe.
 44308 | Vaults:1 | Bought a colourful robe for 108 gold pieces
 44308 | Vaults:1 | Identified the +2 robe of the Pit {Regen+ Str-4 SInv} (You
                  | bought it in a shop on level 1 of the Vaults)
 44755 | Vaults:1 | Upgraded the game from 0.29-a0-700-g2f1814c7b2 to
                  | 0.29-a0-717-g6dac4ea423
 45178 | Vaults:2 | Identified the +4 ring mail "Ivuest" {rN++ Regen+ MP+9
                  | Str-4}
 45313 | Vaults:2 | Reached XP level 20. HP: 156/156 MP: 38/39
 45368 | Vaults:2 | Reached skill level 1 in Ranged Weapons
 45745 | Vaults:2 | Found a staircase to the Crypt.
 46256 | Vaults:2 | Reached skill level 19 in Ice Magic
 47961 | Vaults:3 | Found Vyapsali's Antique Armour Boutique.
 48002 | Vaults:3 | Learned a level 4 spell: Ice Form
 48746 | Vaults:3 | Reached XP level 21. HP: 154/164 MP: 30/41
 49457 | Vaults:4 | Reached skill level 5 in Ranged Weapons
 50529 | Vaults:4 | Reached skill level 20 in Ice Magic
 51550 | Vaults:4 | Found Moasin's Armour Shoppe.
 52242 | Depths:1 | Entered Level 1 of the Depths
 52261 | Depths:1 | Reached XP level 22. HP: 173/173 MP: 27/43
 52411 | Depths:1 | Found an ornate altar of the Wu Jian Council.
 53109 | Depths:1 | Found a gateway to Hell.
 53729 | Depths:1 | Learned a level 4 spell: Dispel Undead
 53841 | Depths:2 | Found Pisiru's Antique Armour Shoppe.
 53849 | Depths:2 | Noticed Nikola
 53897 | Depths:2 | Killed Nikola
 53991 | Depths:2 | Found Jennehep's Jewellery Shop.
 54039 | Depths:2 | Noticed a golden dragon
 54048 | Depths:2 | Killed a golden dragon
 54087 | Depths:2 | Found Ulaexisa's Book Shoppe.
 54105 | Depths:2 | Found a one-way gate leading to the halls of Pandemonium.
 54109 | Depths:2 | Bought a book of Alchemy for 588 gold pieces
 54112 | Depths:2 | Learned a level 2 spell: Sublimation of Blood
 54126 | Depths:2 | Noticed Asterion
 54134 | Depths:2 | Killed Asterion
 54423 | Depths:2 | Reached skill level 1 in Necromancy
 54447 | Depths:2 | Found Locivul's Demolitions Depot.
 54545 | Depths:2 | Found a corrupted altar of Lugonu.
 55150 | Depths:2 | Noticed a juggernaut
 55158 | Depths:2 | Killed a juggernaut
 55211 | Depths:2 | Found the ring of the Octopus King
 55213 | Depths:2 | Identified a ring of the Octopus King {rN+ HP+2 AC+2 EV+2
                  | SH+2}
 55225 | Depths:2 | Identified the +5 war axe of Vediwareg {vorpal, Str+5
                  | Dex-3}
 55257 | Depths:2 | Identified the amulet "Wuch" {Reflect SH+5 SInv}
 55817 | Depths:3 | Noticed Frederick
 56051 | Depths:3 | Killed Frederick
 56646 | Depths:3 | Reached XP level 23. HP: 180/180 MP: 23/44
 56970 | Depths:3 | Found a bloodstained altar of Trog.
 56976 | Depths:3 | Reached skill level 15 in Fighting
 56990 | Depths:3 | Identified the ring of Accord {MP+9 Int+3}
 57095 | Depths:3 | Found a sacrificial altar of Ru.
 57159 | Depths:4 | Entered Level 4 of the Depths
 57262 | Depths:4 | Found Suahaema's Antique Weapon Shoppe.
 57263 | Depths:4 | Reached skill level 21 in Ice Magic
 57483 | Depths:4 | Bought a translucent longbow for 460 gold pieces
 57483 | Depths:4 | Identified the +8 longbow of the Whelk {vorpal, rF+ Dex+3}
                  | (You bought it in a shop on level 4 of the Depths)
 57745 | Depths:4 | Found a gate to the Realm of Zot.
 57791 | Depths:4 | Found a one-way gateway to a ziggurat.
 58336 | Depths:4 | Noticed a golden dragon
 58347 | Depths:4 | Killed a golden dragon
 59080 | Depths:4 | Voluntarily entered the Abyss.
 59163 | Abyss:2  | Learned a level 5 spell: Lee's Rapid Deconstruction
 59877 | Abyss:3  | Reached skill level 5 in Short Blades
 60085 | Abyss:3  | Got an abyssal rune of Zot
 60194 | Depths:4 | Escaped the Abyss
 60393 | Zot:1    | Entered Level 1 of the Realm of Zot
 61186 | Zot:2    | Noticed a golden dragon
 61220 | Zot:2    | Killed a golden dragon
 61515 | Zot:2    | Reached skill level 5 in Necromancy
 61743 | Zot:2    | Reached XP level 24. HP: 112/189 MP: 29/45
 61743 | Zot:2    | Noticed an orb of fire
 61756 | Zot:2    | Killed an orb of fire
 61879 | Zot:2    | Identified the +1 plate armour "Reizxa" {Will+ Int+4}
 62080 | Zot:2    | Identified the +4 trident of the Unspeakable One {spect,
                  | rPois rC- rN+ Int+3}
 62415 | Zot:3    | Identified the +2 great sword of Bile {protect, rC+ rCorr
                  | Str+5}
 62977 | Zot:4    | Found a runed translucent door.
 62979 | Zot:4    | Noticed Seshin's ghost (legendary MiBe)
 63016 | Zot:4    | Killed Seshin's ghost
 64183 | Zot:4    | Paralysed by a Zot trap for 5 turns
 65957 | Zot:1    | Reached skill level 22 in Ice Magic
 67017 | Zot:1    | Reached skill level 15 in Stealth
 67463 | Zot:5    | Entered Level 5 of the Realm of Zot
 67573 | Zot:5    | Noticed a curse toe
 67579 | Zot:5    | Mangled by an Orb Guardian

Illustrated notes

Levels and vault maps discovered:
D:1:      psy_arrival_wood_between_worlds, layout_rooms
D:2:      minmay_inner_zag, layout_rooms, chequers_ecumenical_altar_simple_redux
D:3:      layout_basic, lemuel_crystal_altar, uniq_ijyb, uniq_grinder
D:4:      layout_basic, serial_shops, shop, kennysheep_boxes
D:5:      cheibrodos_fertilizer, layout_loops_ring,
          mainiacjoe_overflow_24_doors, mainiacjoe_overflow_tiny_flanked,
          hangedman_feature_mirror, nicolae_grassy_gnolls, uniq_prince_ribbit1
D:6:      layout_basic, minmay_temple_entry_sparse_star, serial_shops,
          nicolae_shop_advertising_works [nicolae_subvault_shop_adworks],
          serial_glass, glass_columns_a, glass_columns_b, gammafunk_ghost_grave,
          uniq_duvessa
D:7:      layout_loops_ring, uniq_joseph
D:8:      layout_gridville, enter_bailey_4, lightli_minifort
D:9:      layout_loops_ring, uniq_grum, uniq_maurice, uniq_erolcha
D:10:     layout_rooms, mainiacjoe_overflow_catwalk, erik_lair_dragon
D:11:     cheibrodos_lost_city_excavation, layout_cross,
          gammafunk_ghost_necromancy, serial_shops, kennysheep_little_box,
          uniq_snorg
D:12:     layout_cave_pools, david_orc_5, gammafunk_ghost_spectres,
          uniq_jorgrun, uniq_sonja, uniq_fannar, uniq_azrael
D:13:     layout_long_grid
D:14:     layout_layer_cave, david_vaults_2
D:15:     grunt_enter_depths_giant_problem, layout_gridville,
          fiery_altar_vehumet, uniq_louise, uniq_agnes
Temple:   dpeg_three_leaves_temple
Lair:1:   layout_cave_pods, infiniplex_staircase_pool_2
Lair:2:   layout_layer_cave, elwin_shoals_entry_rocks, gammafunk_ghost_arena
Lair:3:   layout_regular_city, spider_nest_entry_web_field,
          nicolae_volcano_entry_two_sided, serial_bayou, serial_bayou_lagoon_a,
          serial_bayou_lagoon_b, serial_bayou_crossing, serial_bayou_shore_b
Lair:4:   gammafunk_cloud_chamber, layout_regular_city, disabler_island
Lair:5:   layout_gridlike, kennysheep_abandoned_house, grunt_megastairs_1
Lair:6:   minmay_lair_end_enchanted_forest, layout_cellular_growth,
          slime_entry_1, gammafunk_ghost_abyssal_escape, grunt_megastairs_3
Shoals:1: layout_shoals, uniq_mlioglotl
Shoals:2: cheibrodos_shoals_three_sisters, layout_shoals,
          nicolae_shoals_elemental_ambush
Shoals:3: layout_shoals, nicolae_shoals_lost_giant_temple,
          nicolae_shoals_beach_house_on_fowls_legs
Shoals:4: shoals_end_grunt_garden, layout_shoals, uniq_polyphemus, uniq_aizul
Spider:1: layout_spider_delve, uniq_frances
Spider:2: layout_chambers
Spider:3: layout_spider_delve
Spider:4: guppyfry_spider_rune, hangedman_spider_tarantella_strand
Orc:1:    layout_caves, basic_altar, minmay_orc_keep, uniq_erica
Orc:2:    grunt_orc_gardens, layout_caves, grunt_orc_garden, grunt_orc_garden,
          grunt_orc_garden, grunt_orc_garden
Vaults:1: grunt_vaults_twisty, nicolae_vaults_network_barrier,
          nicolae_vaults_mini_display_case, nicolae_vaults_theta,
          hangedman_vaults_restitches, v_misc_26, st_lines, v_misc_8,
          vaults_room_mumra_shop_pool, layout_vaults_omnigrid
Vaults:2: nicolae_vaults_arrows, v_misc_13, blue_anna_dwarven_crypt,
          vaults_mumra_lcd, grunt_vaults_trifunnel, grunt_vaults_diagonal,
          nicolae_vaults_big_angled_halls, nicolae_vaults_little_squares_3,
          v_misc_11, ontoclasm_vaults_ligature, vaults_dpeg_hooks,
          grunt_vaults_swirl, nicolae_vaults_border_crossing, v_misc_22,
          ontoclasm_vaults_gateway, layout_vaults_omnibox
Vaults:3: nicolae_vaults_theta, v_alt_pattern_6, v_rooms_1,
          hangedman_vaults_stream, v_pattern_4,
          nicolae_vaults_windows_and_doors_thing, dpeg_vaults_monster_row,
          ontoclasm_vaults_shuriken, vaults_room_semicircle,
          vaults_room_semicircle, layout_vaults_ring, serial_shops,
          nicolae_shop_hallway_stairs
Vaults:4: st_octagons_1, v_alt_pattern_2, vaults_room_fours,
          ontoclasm_vaults_bender, vaults_mumra_chevron, v_rooms_6, v_misc_29,
          v_pattern_5, nicolae_vaults_asterisk, vaults_room_corners,
          grunt_vaults_hallway_short, layout_vaults_omnicross, serial_shops,
          nicolae_shop_crystal
Depths:1: layout_small_grid, nzn_wu_jian_contemplation, hell_entry, abyss_entry,
          eino_tiny_chamber, kennysheep_kite_vault, grunt_megastairs_2
Depths:2: cheibrodos_leafed_vault, layout_basic, serial_shops,
          nicolae_stop_n_shop_2, nicolae_shop_behind_doors,
          nicolae_stop_n_shop_1, abyss_entry_flame_altar, pan_entry, hell_entry,
          chequers_decorated_corner, nicolae_blasting_shop,
          nrook_mini_backslash, lemuel_nasty_fountain, uniq_nikola,
          uniq_asterion
Depths:3: minmay_angry_zag, layout_cave_pools, abyss_entry, hell_entry,
          nicolae_ru_sacrificial_ziggurat, evilmike_spriggan_trog_shrine,
          uniq_frederick
Depths:4: grunt_twist_and_shout, layout_honeycomb, enter_ziggurat_d,
          hangedman_abyss_or_decor_jellyfish_corner, minmay_room_of_horrors,
          pan_entry, pf_hell_entry_tar_spiral, serial_shops,
          nicolae_shop_overgrown_old_shop, roderic_roman_lattice,
          bh_walls_and_bars
Zot:1:    layout_gridlike
Zot:2:    layout_misc_corridors
Zot:3:    layout_concentric_octagons
Zot:4:    layout_basic, ebering_ghost_inner_flame
Zot:5:    layout_misc_corridors

Skill      XL: |  1  2  3  4  5  6  7  8  9 10 11 12 13 14 15 16 17 18 19 20 21 22 23 24 |
---------------+-------------------------------------------------------------------------+-----
Dodging        | 3 4 5 6 7 8 9 10 11 12 13 14 15 16 17 18 | 18.7
Ice Magic      | 5 6 7 8 9 10 12 13 14 15 16 17 18 19 20 21 22 | 22.1
Spellcasting   | 3 4 5 6 7 8 9 10 11 12 13 14 15 16 17 18 | 18.7
Fighting       | 1 2 3 4 5 6 7 8 9 10 11 12 13 14 15 | 15.9
Conjurations   | 1 3 4 |  4.0
Long Blades    | 1 5 8 10 11 13 14 15 16 17 18 | 18.2
Short Blades   | 1 3 5 8 |  8.2
Earth Magic    | 1 3 4 |  4.0
Polearms       | 2 3 |  3.4
Stealth        | 3 4 5 6 7 8 9 10 11 12 13 14 15 | 15.0
Summonings     | 1 3 |  3.0
Armour         | 1 2 3 4 5 |  5.0
Shields        | 3 4 5 6 7 8 9 10 11 12 13 | 13.6
Translocations | 1 3 |  3.0
Evocations     | 2 4 5 6 7 |  7.0
Ranged Weapons | 4 6 7 8 |  8.4
Necromancy     | 3 5 6 |  6.0

Action                   |  1- 3 |  4- 6 |  7- 9 | 10-12 | 13-15 | 16-18 | 19-21 | 22-24 || total
-------------------------+-------+-------+-------+-------+-------+-------+-------+-------++-------
Melee: Dagger            |    10 |    60 |    39 |       |       |       |       |       ||   109
       Hand axe          |     8 |    25 |       |       |       |       |       |       ||    33
       Punch             |       |     2 |       |     1 |       |       |       |       ||     3
       Trident           |       |       |    74 |    18 |       |       |       |     7 ||    99
       Staff             |       |       |    12 |     1 |       |     2 |     2 |     1 ||    18
       Falchion          |       |       |       |   185 |   252 |   352 |   347 |   137 ||  1273
       Tailslap          |       |       |       |     4 |       |    14 |    30 |     6 ||    54
       Great sword       |       |       |       |       |       |    33 |    23 |       ||    56
       Rapier            |       |       |       |       |       |       |       |   275 ||   275
       Scimitar          |       |       |       |       |       |       |       |    18 ||    18
 Fire: Hand crossbow     |       |       |    14 |       |       |       |     7 |    16 ||    37
Throw: Dart              |    17 |       |       |       |       |       |       |       ||    17
 Cast: Freeze            |    30 |     7 |    11 |     4 |     5 |       |     1 |       ||    58
       Ozocubu's Armour  |     3 |    13 |    30 |    48 |    73 |    83 |    82 |   116 ||   448
       Frozen Ramparts   |       |    12 |    32 |    42 |    16 |     1 |     6 |    11 ||   120
       Stone Arrow       |       |       |    31 |   104 |    13 |     3 |       |     1 ||   152
       Hailstorm         |       |       |     3 |    31 |   107 |   125 |    57 |    17 ||   340
       Summon Small Mamm |       |       |     1 |     4 |       |       |       |       ||     5
       Call Canine Famil |       |       |       |     5 |     1 |     1 |       |       ||     7
       Ozocubu's Refrige |       |       |       |     1 |   173 |   357 |   320 |   249 ||  1100
       Blink             |       |       |       |     1 |     1 |       |       |     8 ||    10
       Ice Form          |       |       |       |       |       |       |     1 |       ||     1
       Polar Vortex      |       |       |       |       |       |       |    12 |    76 ||    88
       Sublimation of Bl |       |       |       |       |       |       |       |     7 ||     7
       Dispel Undead     |       |       |       |       |       |       |       |    12 ||    12
       Lee's Rapid Decon |       |       |       |       |       |       |       |     4 ||     4
Evoke: Wand              |       |       |    13 |       |       |       |       |       ||    13
       Phantom mirror    |       |       |       |       |       |     1 |     1 |     4 ||     6
       Phial of floods   |       |       |       |       |       |       |     2 |     2 ||     4
  Use: Scroll            |       |     6 |     4 |    17 |    11 |    13 |     5 |    19 ||    75
       Potion            |       |     2 |     2 |     7 |    10 |     2 |     6 |    17 ||    46
 Stab: Sleeping          |     6 |     1 |     2 |       |     5 |     5 |     1 |    14 ||    34
       Distracted        |       |     1 |       |     1 |     1 |       |     1 |     2 ||     6
Armor: Robe              |    10 |    17 |    38 |    20 |     7 |    22 |     2 |    83 ||   199
       Acid dragon scale |       |       |       |    28 |    56 |   111 |   118 |    82 ||   395
       Ring mail         |       |       |       |    42 |       |       |     5 |    68 ||   115
       Leather armour    |       |       |       |       |    42 |       |       |       ||    42
Dodge: Dodged            |    19 |    40 |    86 |   166 |   187 |   359 |   253 |   518 ||  1628
       Repelled          |       |       |       |       |     2 |     3 |     5 |    20 ||    30
Block: Buckler           |       |       |       |    84 |   213 |   343 |   261 |   463 ||  1364
       Other             |       |       |       |       |       |     6 |     3 |     2 ||    11

Table legend: (Time is in decaauts)
 A = Elapsed time spent in this place.
 B = Non-inter-level travel time spent in this place.
 C = Inter-level travel time spent in this place.
 D = Time resting spent in this place.
 E = Time spent auto-exploring this place.
 F = Levels seen in this place.
 G = Mean time per level.
                   A        B        C        D        E       F      G
               +--------+--------+--------+--------+--------+-----+--------+
         Total |  65812 |  61250 |   4562 |  20605 |  25333 |  49 | 1343.1 |
       Dungeon |  19454 |  17526 |   1928 |   6442 |   7516 |  15 | 1296.9 |
        Temple |     11 |     11 |      0 |      0 |      1 |   1 |   11.0 |
          Lair |   9634 |   8899 |    735 |   2526 |   4600 |   6 | 1605.7 |
        Shoals |   4817 |   4682 |    135 |   1623 |   2177 |   4 | 1204.2 |
   Spider Nest |   5111 |   4835 |    276 |   1031 |   2949 |   4 | 1277.8 |
  Orcish Mines |   1668 |   1465 |    203 |    282 |    703 |   2 |  834.0 |
        Vaults |   9821 |   9401 |    420 |   3341 |   3089 |   4 | 2455.2 |
        Depths |   6896 |   6701 |    195 |   2492 |   2917 |   4 | 1724.0 |
           Zot |   6941 |   6275 |    666 |   2361 |   1199 |   5 | 1388.2 |
         Abyss |   1091 |   1091 |      0 |    393 |    149 |   3 |  363.7 |
       Volcano |    364 |    364 |      0 |    113 |     30 |   1 |  364.0 |
               +--------+--------+--------+--------+--------+-----+--------+

Top non-repeatable levels by time:
Vaults:2: 2689 daAuts
Vaults:4: 2668 daAuts
Vaults:1: 2558 daAuts
   Zot:1: 2439 daAuts
  Lair:6: 2113 daAuts
Depths:4: 2103 daAuts
Depths:2: 2035 daAuts
  Lair:2: 1986 daAuts
   Zot:3: 1919 daAuts
Vaults:3: 1904 daAuts
    D:10: 1844 daAuts
     D:5: 1772 daAuts
Spider:3: 1728 daAuts
     D:6: 1685 daAuts
   Zot:4: 1684 daAuts
